Workbook
Name DaysInPreviousYear: [1]Rates!$B$22
Name DaysInYear: [1]Rates!$B$21
Name hello: REGINFO!$F$34
Name MofF: #REF!
Name Ratebase: REGINFO!$D$31
Name Surtax: #REF!

Sheet REGINFO
A1: PILs TAXES - EB-2012-0064 | E1: Version 2009.1
A2: REGULATORY INFORMATION (REGINFO)
A3: Utility Name: TORONTO HYDRO-ELECTRIC SYSTEM LIMITED | D3: Colour Code
A4: Reporting period: 2004 | D4: Input Cell
D5: Formula in Cell
A6: Days in reporting period: | B6: 365 | C6: days
A7: Total days in the calendar year: | B7: 365 | C7: days
A9: BACKGROUND
A10: Has the utility reviewed section 149(1) ITA to
A11: confirm that it is not subject to regular corporate
A12: tax (and therefore subject to PILs)? | C12: Y/N | D12: Y
A14: Was the utility recently acquired by Hydro One
A15: and now subject to s.89 & 90 PILs? | C15: Y/N | D15: N
A17: Is the utility a non-profit corporation? | C17: Y/N | D17: N
A18: (If it is a non-profit corporation, please contact the Rates Manager at the OEB)
A19: Are the Ontario Capital Tax & Large Corporations Tax Exemptions shared among the corporate group? | B19: OCT | C19: Y/N | D19: N
B20: LCT | C20: Y/N | D20: N
A21: Please identify the % used to allocate the OCT and LCT exemptions in Cells C65 & C74 in the TAXCALC spreadsheet. | B21: OCT | D21: 1
B22: LCT | D22: 1
A24: Accounting Year End | C24: Date | D24: 12-31-2004
A26: MARR NO TAX CALCULATIONS | E26: Regulatory
A27: SHEET #7 FINAL RUD MODEL DATA | E27: Income
A28: (FROM 1999 FINANCIAL STATEMENTS)
A29: USE BOARD-APPROVED AMOUNTS
A31: Rate Base (wires-only) | D31: 1810112688
A33: Common Equity Ratio (CER) | D33: 0.35
A35: 1-CER | D35: =1-D33 -> 0.65
A37: Target Return On Equity | D37: 0.0988
A39: Debt rate | D39: 0.068
A41: Market Adjusted Revenue Requirement | D41: =D31*((D33*D37)+(D35*D39)) -> 1.4260068e+08
A43: 1999 return from RUD Sheet #7 | D43: 23304000 | E43: =D43 -> 23304000
A45: Total Incremental revenue | D45: =D41-D43 -> 1.1929668e+08
A46: Input: Board-approved dollar amounts phased-in
A47: Amount allowed in 2001 | D47: 39765559 | E47: =D47 -> 39765559
A48: Amount allowed in 2002 | D48: 39765559 | E48: =D48 -> 39765559
A49: Amount allowed in 2003 and 2004 (will be zero due to Bill 210 | E49: 0
A50: unless authorized by the Minister and the Board) | E50: =D50 -> 0
A51: Amount allowed in 2005 - Third tranche of MARR re: CDM | D51: 39765559 | E51: =D51 -> 39765559
A52: Other Board-approved changes to MARR or incremental revenue | E52: =D52 -> 0
E53: =D53 -> 0
A54: Total Regulatory Income | E54: =SUM(E43:E53) -> 142600677
A56: Equity | D56: =D31*D33 -> 6.3353944e+08
A58: Return at target ROE | D58: =D56*D37 -> 62593697
A60: Debt | D60: =D31*D35 -> 1.1765732e+09
A62: Deemed interest amount in 100% of MARR | D62: =D60*D39 -> 80006981
A64: Phase-in of interest - Year 1 (2001) | D64: =IF(D41>0,(((D43+D47)/D41)*D62),0) -> 35385561
A65: ((D43+D47)/D41)*D61
A66: Phase-in of interest - Year 2 (2002) | D66: =IF(D41>0,(((D43+D47+D48)/D41)*D62),0) -> 57696271
A67: ((D43+D47+D48)/D41)*D61
A68: Phase-in of interest - Year 3 (2003) and forward | D68: =IF(D41>0,(((D43+D47+D48)/D41)*D62),0) -> 57696271
A69: ((D43+D47+D48)/D41)*D61 (due to Bill 210)
A70: Phase-in of interest - 2005 | D70: =D62 -> 80006981

Sheet TAXCALC
A1: =REGINFO!A1 -> PILs TAXES - EB-2012-0064 | B1: ITEM | C1: Initial | E1: M of F | F1: M of F | G1: Tax
A2: PILs DEFERRAL AND VARIANCE ACCOUNTS | C2: Estimate | E2: Filing | F2: Filing | G2: Returns
A3: TAX CALCULATIONS (TAXCALC) | E3: Variance | F3: Variance
A4: ("Wires-only" business - see Tab TAXREC) | E4: K-C | F4: Explanation
A5: =REGINFO!E2 -> 0 | G5: =REGINFO!E1 -> Version 2009.1
A6: =REGINFO!A3 -> Utility Name: TORONTO HYDRO-ELECTRIC SYSTEM LIMITED
A7: =REGINFO!A4 -> Reporting period: 2004
G8: Column | J8: DO NOT INPUT INTO AREA
A9: Days in reporting period: | B9: =REGINFO!B6 -> 365 | C9: days | G9: Brought
A10: Total days in the calendar year: | B10: =REGINFO!B7 -> 365 | C10: days | G10: From
G11: TAXREC
C12: $ | E12: $ | G12: $
A14: I) CORPORATE INCOME TAXES
A16: Regulatory Net Income REGINFO E53 | B16: 1 | C16: 102835118 | E16: =G16-C16 -> 81300761 | G16: =TAXREC!E50 -> 184135879
A18: BOOK TO TAX ADJUSTMENTS
A19: Additions:
A20: Depreciation & Amortization | B20: 2 | C20: 106229000 | E20: =G20-C20 -> 16297000 | G20: =TAXREC!E61 -> 122526000
A21: Employee Benefit Plans - Accrued, Not Paid | B21: 3 | C21: 33129140 | E21: =G21-C21 -> -33129140 | G21: =TAXREC!E62 -> 0
A22: Tax reserves - beginning of year | B22: 4 | E22: =G22-C22 -> 0 | G22: =TAXREC!E63 -> 0
A23: Reserves from financial statements - end of year | B23: 4 | E23: =G23-C23 -> 109978621 | G23: =TAXREC!E64 -> 109978621
A24: Regulatory Adjustments - increase in income | B24: 5 | E24: =G24-C24 -> 0 | G24: =TAXREC!E65 -> 0
A25: Other Additions (See Tab entitled "TAXREC")
A26: "Material" Items from "TAXREC" worksheet | B26: 6 | E26: =G26-C26 -> 0 | G26: =TAXREC!E92 -> 0
A27: Other Additions (not "Material") "TAXREC" | B27: 6 | E27: =G27-C27 -> 0 | G27: =TAXREC!E93 -> 0
A28: "Material Items from "TAXREC 2" worksheet | B28: 6 | E28: =G28-C28 -> 0 | G28: =TAXREC!E67 -> 0
A29: Other Additions (not "Material") "TAXREC 2" | B29: 6 | E29: =G29-C29 -> 1993341 | G29: =TAXREC!E68 -> 1993341
A30: Items on which true-up does not apply "TAXREC 3" | E30: =G30-C30 -> 161244 | G30: =TAXREC!E66 -> 161244
A32: Deductions: Input positive numbers
A33: Capital Cost Allowance and CEC | B33: 7 | C33: 76692530 | E33: =G33-C33 -> 42485312 | G33: 119177842
A34: Employee Benefit Plans - Paid Amounts | B34: 8 | C34: 30011140 | E34: =G34-C34 -> -30011140 | G34: =TAXREC!E99 -> 0
A35: Items Capitalized for Regulatory Purposes | B35: 9 | C35: 0 | E35: =G35-C35 -> 0 | G35: =TAXREC!E100 -> 0
A36: Regulatory Adjustments - deduction for tax purposes in Item 5 | B36: 10 | E36: =G36-C36 -> 0 | G36: =TAXREC!E102+TAXREC!E103 -> 0
A37: Interest Expense Deemed/ Incurred | B37: 11 | C37: =REGINFO!D66 -> 57696271 | E37: =G37-C37 -> 22479608 | G37: =TAXREC!E51 -> 80175879
A38: Tax reserves - end of year | B38: 4 | E38: =G38-C38 -> 0 | G38: =TAXREC!E104 -> 0
A39: Reserves from financial statements - beginning of year | B39: 4 | E39: =G39-C39 -> 108977216 | G39: =TAXREC!E105 -> 108977216
A40: Contributions to deferred income plans | B40: 3 | E40: =G40-C40 -> 0 | G40: =TAXREC!E106 -> 0
A41: Contributions to pension plans | B41: 3 | E41: =G41-C41 -> 0 | G41: =TAXREC!E107 -> 0
A42: Interest capitalized for accounting but deducted for tax | B42: 11 | E42: =G42-C42 -> 0 | G42: =TAXREC!E109 -> 0
A43: Other Deductions (See Tab entitled "TAXREC")
A44: "Material" Items from "TAXREC" worksheet | B44: 12 | E44: =G44-C44 -> 0 | G44: =TAXREC!E130 -> 0
A45: Other Deductions (not "Material") "TAXREC" | B45: 12 | E45: =G45-C45 -> 0 | G45: =TAXREC!E131 -> 0
A46: Material Items from "TAXREC 2" worksheet | B46: 12 | E46: =G46-C46 -> 0 | G46: =TAXREC!E110 -> 0
A47: Other Deductions (not "Material") "TAXREC 2" | B47: 12 | E47: =G47-C47 -> 3298862 | G47: =TAXREC!E111 -> 3298862
A48: Items on which true-up does not apply "TAXREC 3" | E48: =G48-C48 -> 2233343 | G48: =TAXREC!E108 -> 2233343
A50: TAXABLE INCOME/ (LOSS) | C50: =C16+SUM(C20:C30)-SUM(C33:C48) -> 77793317 | E50: =E16+SUM(E20:E30)-SUM(E33:E48) -> 27138626 | F50: Before loss C/F | G50: =G16+SUM(G20:G30)-SUM(G33:G48) -> 104931943
A52: BLENDED INCOME TAX RATE
A53: Tab Tax Rates - Regulatory from Table 1; Actual from Table 3 | B53: 13 | C53: =IF($C$50>'Tax Rates'!$E$11,'Tax Rates'!$F$16,IF($C$50>'Tax Rates'!$C$11,'Tax Rates'!$E$16,'Tax Rates'!$C$16)) -> 0.3862 | E53: =+G53-C53 -> -0.025 | G53: =TAXREC!E151 -> 0.3612
A55: REGULATORY INCOME TAX | C55: =IF(C50>0,C50*C53,0) -> 30043779 | E55: =G55-C55 -> 6564680.9 | F55: Actual | G55: =TAXREC!E144 -> 36608460
A58: Miscellaneous Tax Credits | B58: 14 | E58: =+G58-C58 -> 269188 | F58: Actual | G58: =TAXREC!E145 -> 269188
A60: Total Regulatory Income Tax | C60: =+C55-C58 -> 30043779 | E60: =+E55-E58 -> 6295492.9 | F60: Actual | G60: =+G55-G58 -> 36339272
A63: II) CAPITAL TAXES
A65: Ontario
A66: Base | B66: 15 | C66: =Ratebase -> 1810112688 | E66: =G66-C66 -> 259954523 | G66: 2070067211
A67: Less: Exemption -Tax Rates - Regulatory, Table 1; Actual, Table 3 | B67: 16 | C67: =IF(C66>0,'Tax Rates'!C21,0) -> 5000000 | E67: =G67-C67 -> 0 | G67: 5000000
A68: Taxable Capital | C68: =IF((C66-C67)>0,C66-C67,0) -> 1805112688 | E68: =SUM(E66:E67) -> 259954523 | G68: =G66-G67 -> 2065067211
A70: Rate - Tax Rates - Regulatory, Table 1; Actual, Table 3 | B70: 17 | C70: ='Tax Rates'!C18 -> 0.003 | E70: =+G70-C70 -> 0 | G70: 0.003
A72: Ontario Capital Tax | C72: =IF(C68>0,C68*C70,0)*REGINFO!$B$6/REGINFO!$B$7 -> 5415338.1 | E72: =+G72-C72 -> 779863.57 | G72: =IF(G68>0,G68*G70,0)*REGINFO!$B$6/REGINFO!$B$7 -> 6195201.6
A74: Federal Large Corporations Tax
A75: Base | B75: 18 | C75: =Ratebase -> 1810112688 | E75: =+G75-C75 -> 228148967 | G75: 2038261655
A76: Less: Exemption -Tax Rates - Regulatory, Table 1; Actual, Table 3 | B76: 19 | C76: =IF(C75>0,'Tax Rates'!C22,0) -> 10000000 | E76: =+G76-C76 -> 40000000 | G76: ='Tax Rates'!C58 -> 50000000
A77: Taxable Capital | C77: =IF((C75-C76)>0,C75-C76,0) -> 1800112688 | E77: =SUM(E75:E76) -> 268148967 | G77: =G75-G76 -> 1988261655
A79: Rate - Tax Rates - Regulatory, Table 1; Actual, Table 3 | B79: 20 | C79: ='Tax Rates'!C19 -> 0.00225 | E79: =G79-C79 -> -0.00025 | G79: ='Tax Rates'!C55 -> 0.002
A81: Gross Amount of LCT before surtax offset (Taxable Capital x Rate) | C81: =IF(C77>0,C77*C79,0)*REGINFO!$B$6/REGINFO!$B$7 -> 4050253.5 | E81: =+G81-C81 -> -73730.238 | G81: =G77*G79*B9/B10 -> 3976523.3
A82: Less: Federal Surtax 1.12% x Taxable Income | B82: 21 | C82: =IF(C77>0,IF(C60>0,C50*'Tax Rates'!C20,0),0) -> 871285.15 | E82: =+G82-C82 -> 302311.85 | G82: 1173597
A84: Net LCT | C84: =C81-C82 -> 3178968.4 | E84: =E81-E82 -> -376042.09 | G84: =G81-G82 -> 2802926.3
A86: III) INCLUSION IN RATES
A88: Income Tax Rate used for gross- up (exclude surtax) | C88: =IF($C$50>'Tax Rates'!$E$11,'Tax Rates'!$F$16,IF(AND($C$50>='Tax Rates'!$C$11,$C$50<='Tax Rates'!E11),'Tax Rates'!$E$16,'Tax Rates'!$C$16))-1.12% -> 0.375
A90: Income Tax (proxy tax is grossed-up) | B90: 22 | C90: =C60/(1-C88) -> 48070047 | F90: Actual 2004 | G90: =TAXREC!E156 -> 36339272
A91: LCT (proxy tax is grossed-up) | B91: 23 | C91: =C84/(1-C88) -> 5086349.4 | F91: Actual 2004 | G91: 2802927
A92: Ontario Capital Tax (no gross-up since it is deductible) | B92: 24 | C92: =C72 -> 5415338.1 | F92: Actual 2004 | G92: 6195202
A95: Total PILs for Rate Adjustment -- MUST AGREE WITH 2002 | B95: 25 | C95: =SUM(C90:C93) -> 58571734 | F95: Actual 2004 | G95: =SUM(G90:G94) -> 45337401
A96: RAM DECISION
A99: IV) FUTURE TRUE-UPS
A100: IV a) Calculation of the True-up Variance | E100: DR/(CR)
A101: In Additions:
A102: Employee Benefit Plans - Accrued, Not Paid | B102: 3 | E102: =E21 -> -33129140
A103: Tax reserves deducted in prior year | B103: 4 | E103: =E22 -> 0
A104: Reserves from financial statements-end of year | B104: 4 | E104: =E23 -> 109978621
A105: Regulatory Adjustments | B105: 5 | E105: =E24 -> 0
A106: Other additions "Material" Items TAXREC | B106: 6 | E106: =E26 -> 0
A107: Other additions "Material" Items TAXREC 2 | B107: 6 | E107: =E28 -> 0
A108: In Deductions - positive numbers
A109: Employee Benefit Plans - Paid Amounts | B109: 8 | E109: =E34 -> -30011140
A110: Items Capitalized for Regulatory Purposes | B110: 9 | E110: =E35 -> 0
A111: Regulatory Adjustments | B111: 10 | E111: =E36 -> 0
A112: Interest Adjustment for tax purposes (See Below - cell I204) | B112: 11 | E112: =E206 -> 168898.19
A113: Tax reserves claimed in current year | B113: 4 | E113: =E38 -> 0
A114: Reserves from F/S beginning of year | B114: 4 | E114: =E39 -> 108977216
A115: Contributions to deferred income plans | B115: 3 | E115: =E40 -> 0
A116: Contributions to pension plans | B116: 3 | E116: =E41 -> 0
A117: Other deductions "Material" Items TAXREC | B117: 12 | E117: =E44 -> 0
A118: Other deductions "Material" Item TAXREC 2 | B118: 12 | E118: =E46 -> 0
A120: Total TRUE-UPS before tax effect | B120: 26 | D120: = | E120: =SUM(E102:E107)-SUM(E109:E118) -> -2285493.2
A122: Income Tax Rate (excluding surtax) from 2004 Utility's tax return | D122: x | E122: =+'Tax Rates'!F52 -> 0.3612
A124: Income Tax Effect on True-up adjustments | D124: = | E124: =E120*E122 -> -825520.14
A126: Less: Miscellaneous Tax Credits | B126: 14 | E126: =E58 -> 269188
A128: Total Income Tax on True-ups | E128: =E124-E126 -> -1094708.1
A130: Income Tax Rate used for gross-up (exclude surtax) | E130: =IF((E120+C50)>'Tax Rates'!$E$47,'Tax Rates'!$F$52-1.12%, IF((E120+C50)>'Tax Rates'!$D$47,'Tax Rates'!$E$52-1.12%,IF((E120+C50)>'Tax Rates'!$C$47,'Tax Rates'!$D$52-1.12%,'Tax Rates'!$C$52-1.12%))) -> 0.35
A132: TRUE-UP VARIANCE ADJUSTMENT | E132: =E128/(1-E130) -> -1684166.4
A134: IV b) Calculation of the Deferral Account Variance caused by changes in legislation
...

Sheet TAXREC
A1: =REGINFO!A1 -> PILs TAXES - EB-2012-0064 | B1: LINE | C1: M of F | D1: Non-wires | E1: Wires-only
A2: TAX RETURN RECONCILIATION (TAXREC) | C2: Corporate | D2: Eliminations | E2: Tax
A3: (for "wires-only" business - see s. 72 OEB Act) | C3: Tax | E3: Return
A4: =REGINFO!E2 -> 0 | C4: Return
E5: =REGINFO!E1 -> Version 2009.1
A6: Section A: Identification:
A7: =REGINFO!A3 -> Utility Name: TORONTO HYDRO-ELECTRIC SYSTEM LIMITED
A8: =REGINFO!A4 -> Reporting period: 2004
A9: Taxation Year's start date: | C9: 37987
A10: Taxation Year's end date: | C10: 38352
A11: Number of days in taxation year: | C11: =REGINFO!B6 -> 365 | D11: days
A13: Please enter the Materiality Level : | C13: 1764205 | D13: < - enter materiality level
A14: (0.25% x Rate Base x CER) | B14: Y/N | C14: N
A15: (0.25% x Net Assets) | B15: Y/N | C15: Y
A16: Or other measure (please provide the basis of the amount) | B16: Y/N | C16: N
A17: Does the utility carry on non-wires related operation? | B17: Y/N | C17: N
A18: (Please complete the questionnaire in the Background questionnaire worksheet.)
A20: Note: Carry forward Wires-only Data to Tab "TAXCALC" Column K
A22: Section B: Financial statements data:
A23: Input unconsolidated financial statement data submitted with Tax returns.
A24: The actual categories of the income statements should be used.
A25: If required please change the descriptions except for amortization, interest expense and provision for income tax
A27: Please enter the non-wire operation's amount as a positive number, the program automatically treats all amounts
A28: in the "non-wires elimination column" as negative values in TAXREC and TAXREC2.
A30: Income:
A31: Energy Sales | B31: + | E31: =C31-D31 -> 0
A32: Distribution Revenue | B32: + | C32: 2235154000 | E32: =C32-D32 -> 2235154000
A33: Other Income | B33: + | C33: 27240000 | E33: =C33-D33 -> 27240000
A34: Miscellaneous income | B34: + | C34: 10325000 | E34: =C34-D34 -> 10325000
B35: + | E35: =C35-D35 -> 0
A36: Revenue should be entered above this line
A38: Costs and Expenses:
A39: Cost of energy purchased | B39: - | C39: 1798008000 | E39: =C39-D39 -> 1798008000
A40: Administration | B40: - | E40: =C40-D40 -> 0
A41: Customer billing and collecting | B41: - | E41: =C41-D41 -> 0
A42: Operations and maintenance | B42: - | C42: 166617000 | E42: =C42-D42 -> 166617000
A43: Amortization | B43: - | C43: 122526000 | E43: =C43-D43 -> 122526000
A44: Ontario Capital Tax | B44: - | E44: =C44-D44 -> 0
A45: Reg Assets | B45: - | E45: =C45-D45 -> 0
A46: Financing expenses | B46: - | C46: 2935000 | E46: =C46-D46 -> 2935000
A47: OEB Staff 84 a) revision | B47: - | C47: -1502879 | E47: =C47-D47 -> -1502879
B48: - | E48: =C48-D48 -> 0
A50: Net Income Before Interest & Income Taxes EBIT | B50: = | C50: =SUM(C31:C36)-SUM(C39:C49) -> 184135879 | D50: =SUM(D31:D36)-SUM(D39:D49) -> 0 | E50: =SUM(E31:E35)-SUM(E39:E48) -> 184135879
A51: Less: Interest expense for accounting purposes | B51: - | C51: 80175879 | E51: =+C51-D51 -> 80175879
A52: Provision for payments in lieu of income taxes | B52: - | C52: 43825000 | E52: =+C52-D52 -> 43825000
A53: Net Income (loss) | B53: = | C53: =C50-C51-C52 -> 60135000 | D53: =D50-D51-D52 -> 0 | E53: =E50-E51-E52 -> 60135000
A54: (The Net Income (loss) on the MoF column should equal to the net income (loss) per financial statements on Schedule 1 of the tax return. )
A56: Section C: Reconciliation of accounting income to taxable income
A57: From T2 Schedule 1
A58: BOOK TO TAX ADDITIONS:
A59: Provision for income tax | B59: + | C59: =C52 -> 43825000 | D59: =D52 -> 0 | E59: =+C59-D59 -> 43825000
A60: Federal large corporation tax | B60: + | E60: =+C60-D60 -> 0
A61: Depreciation & Amortization | B61: + | C61: =C43 -> 122526000 | D61: =D43 -> 0 | E61: =+C61-D61 -> 122526000
A62: Employee benefit plans-accrued, not paid | B62: + | D62: 0 | E62: =+C62-D62 -> 0
A63: Tax reserves - beginning of year | B63: + | C63: ='Tax Reserves'!C22 -> 0 | D63: ='Tax Reserves'!D22 -> 0 | E63: =C63-D63 -> 0
A64: Reserves from financial statements- end of year | B64: + | C64: ='Tax Reserves'!C63 -> 109978621 | D64: ='Tax Reserves'!D63 -> 0 | E64: =+C64-D64 -> 109978621
A65: Regulatory adjustments on which true-up may apply (see A66) | B65: + | E65: =+C65-D65 -> 0
A66: Items on which true-up does not apply "TAXREC 3" | C66: ='TAXREC 3 No True-up'!C47 -> 161244 | D66: ='TAXREC 3 No True-up'!D47 -> 0 | E66: =+C66-D66 -> 161244
A67: Material addition items from TAXREC 2 | B67: + | C67: ='TAXREC 2'!C77 -> 0 | D67: ='TAXREC 2'!D77 -> 0 | E67: =+C67-D67 -> 0
A68: Other addition items (not Material) from TAXREC 2 | B68: + | C68: ='TAXREC 2'!C78 -> 1993341 | D68: ='TAXREC 2'!D78 -> 0 | E68: =+C68-D68 -> 1993341
A70: Subtotal | C70: =SUM(C59:C68) -> 278484206 | D70: =SUM(D59:D68) -> 0 | E70: =SUM(E59:E68) -> 278484206
A72: Other Additions: (Please explain the nature of the additions)
A73: Recapture of CCA | B73: + | E73: =+C73-D73 -> 0
A74: Non-deductible meals and entertainment expense | B74: + | E74: =+C74-D74 -> 0
A75: Capital items expensed | B75: + | E75: =+C75-D75 -> 0
A76: DEPRECIATION DIFFERENCE | B76: + | E76: =+C76-D76 -> 0
B77: + | E77: =+C77-D77 -> 0
B78: + | E78: =+C78-D78 -> 0
B79: + | E79: =+C79-D79 -> 0
A80: Total Other Additions | B80: = | C80: =SUM(C73:C79) -> 0 | D80: =SUM(D73:D79) -> 0 | E80: =SUM(E73:E79) -> 0
A82: Total Additions | B82: = | C82: =C70+C80 -> 278484206 | D82: =D70+D80 -> 0 | E82: =E70+E80 -> 278484206
A84: Recap Material Additions:
A85: =IF($E73>$C$13,A73," ") | C85: =IF($E73>$C$13,C73,) -> 0 | D85: =IF($E73>$C$13,D73,) -> 0 | E85: =IF($E73>$C$13,E73,) -> 0
A86: =IF($E74>$C$13,A74," ") | C86: =IF($E74>$C$13,C74,) -> 0 | D86: =IF($E74>$C$13,D74,) -> 0 | E86: =IF($E74>$C$13,E74,) -> 0
A87: =IF($E75>$C$13,A75," ") | C87: =IF($E75>$C$13,C75,) -> 0 | D87: =IF($E75>$C$13,D75,) -> 0 | E87: =IF($E75>$C$13,E75,) -> 0
A88: =IF($E76>$C$13,A76," ") | C88: =IF($E76>$C$13,C76,) -> 0 | D88: =IF($E76>$C$13,D76,) -> 0 | E88: =IF($E76>$C$13,E76,) -> 0
A89: =IF($E77>$C$13,A77," ") | C89: =IF($E77>$C$13,C77,) -> 0 | D89: =IF($E77>$C$13,D77,) -> 0 | E89: =IF($E77>$C$13,E77,) -> 0
A90: =IF($E78>$C$13,A78," ") | C90: =IF($E78>$C$13,C78,) -> 0 | D90: =IF($E78>$C$13,D78,) -> 0 | E90: =IF($E78>$C$13,E78,) -> 0
A91: =IF($E79>$C$13,A79," ") | C91: =IF($E79>$C$13,C79,) -> 0 | D91: =IF($E79>$C$13,D79,) -> 0 | E91: =IF($E79>$C$13,E79,) -> 0
A92: Total Other additions >materiality level | C92: =SUM(C85:C91) -> 0 | D92: =SUM(D85:D91) -> 0 | E92: =SUM(E85:E91) -> 0
A93: Other additions (less than materiality level) | C93: =C80-C92 -> 0 | D93: =D80-D92 -> 0 | E93: =E80-E92 -> 0
A94: Total Other Additions | C94: =C92+C93 -> 0 | D94: =D92+D93 -> 0 | E94: =E92+E93 -> 0
A96: BOOK TO TAX DEDUCTIONS:
A97: Capital cost allowance | B97: - | C97: 117861765 | E97: =+C97-D97 -> 117861765
A98: Cumulative eligible capital deduction | B98: - | C98: 1316077 | E98: =+C98-D98 -> 1316077
A99: Employee benefit plans-paid amounts | B99: - | E99: =+C99-D99 -> 0
A100: Items capitalized for regulatory purposes | B100: - | E100: =+C100-D100 -> 0
A101: Regulatory adjustments : | B101: - | E101: =+C101-D101 -> 0
A102: CCA | B102: - | E102: =+C102-D102 -> 0
A103: other deductions | B103: - | E103: =+C103-D103 -> 0
A104: Tax reserves - end of year | B104: - | C104: ='Tax Reserves'!C35 -> 0 | D104: ='Tax Reserves'!D35 -> 0 | E104: =+C104-D104 -> 0
A105: Reserves from financial statements- beginning of year | B105: - | C105: ='Tax Reserves'!C50 -> 108977216 | D105: ='Tax Reserves'!D50 -> 0 | E105: =+C105-D105 -> 108977216
A106: Contributions to deferred income plans | B106: - | E106: =+C106-D106 -> 0
A107: Contributions to pension plans | B107: - | E107: =+C107-D107 -> 0
A108: Items on which true-up does not apply "TAXREC 3" | C108: ='TAXREC 3 No True-up'!C73 -> 2233343 | D108: ='TAXREC 3 No True-up'!D73 -> 0 | E108: =+C108-D108 -> 2233343
A109: Interest capitalized for accounting deducted for tax | B109: - | E109: =+C109-D109 -> 0
A110: Material deduction items from TAXREC 2 | B110: - | C110: ='TAXREC 2'!C119 -> 0 | D110: ='TAXREC 2'!D119 -> 0 | E110: ='TAXREC 2'!E119 -> 0
A111: Other deduction items (not Material) from TAXREC 2 | B111: - | C111: ='TAXREC 2'!C120 -> 3298862 | D111: ='TAXREC 2'!D120 -> 0 | E111: ='TAXREC 2'!E120 -> 3298862
A113: Subtotal | B113: = | C113: =SUM(C97:C111) -> 233687263 | D113: =SUM(D97:D111) -> 0 | E113: =SUM(E97:E111) -> 233687263
A114: Other deductions (Please explain the nature of the deductions)
...

Sheet Tax Reserves
A1: =REGINFO!A1 -> PILs TAXES - EB-2012-0064 | B1: LINE | C1: M of F | D1: Non-wires | E1: Wires-only
A2: Tax and Accounting Reserves | C2: Corporate | D2: Eliminations | E2: Tax
A3: For MoF Column of TAXCALC | C3: Tax | E3: Return
A4: (for "wires-only" business - see s. 72 OEB Act) | C4: Return
A5: =REGINFO!E2 -> 0 | E5: =REGINFO!E1 -> Version 2009.1
A7: =REGINFO!A3 -> Utility Name: TORONTO HYDRO-ELECTRIC SYSTEM LIMITED
A8: =REGINFO!A4 -> Reporting period: 2004
A10: TAX RESERVES
A12: Beginning of Year:
E13: =C13-D13 -> 0
A14: Reserve for doubtful accounts ss. 20(1)(l) | E14: =C14-D14 -> 0
A15: Reserve for goods & services ss.20(1)(m) | E15: =C15-D15 -> 0
A16: Reserve for unpaid amounts ss.20(1)(n) | E16: =C16-D16 -> 0
A17: Debt and share issue expenses ss.20(1)(e) | E17: =C17-D17 -> 0
A18: Other - Please describe | E18: =C18-D18 -> 0
A19: Other - Please describe | E19: =C19-D19 -> 0
E20: =C20-D20 -> 0
E21: =C21-D21 -> 0
A22: Total (carry forward to the TAXREC worksheet) | C22: =SUM(C13:C21) -> 0 | D22: =SUM(D13:D21) -> 0 | E22: =SUM(E13:E21) -> 0
A24: End of Year:
E25: =C25-D25 -> 0
A26: Reserve for doubtful accounts ss. 20(1)(l) | E26: =C26-D26 -> 0
A27: Reserve for goods & services ss.20(1)(m) | E27: =C27-D27 -> 0
A28: Reserve for unpaid amounts ss.20(1)(n) | E28: =C28-D28 -> 0
A29: Debt and share issue expenses ss.20(1)(e) | E29: =C29-D29 -> 0
A30: Other - Please describe | E30: =C30-D30 -> 0
A31: Other - Please describe | E31: =C31-D31 -> 0
E32: =C32-D32 -> 0
E33: =C33-D33 -> 0
A34: Insert line above this line
A35: Total (carry forward to the TAXREC worksheet) | C35: =SUM(C25:C33) -> 0 | D35: =SUM(D25:D33) -> 0 | E35: =SUM(E25:E33) -> 0
A38: FINANCIAL STATEMENT RESERVES
A40: Beginning of Year:
E41: =C41-D41 -> 0
E42: =C42-D42 -> 0
A43: Environmental | E43: =C43-D43 -> 0
A44: Allowance for doubtful accounts | C44: 585360 | E44: =C44-D44 -> 585360
A45: Inventory obsolescence | C45: 2668190 | E45: =C45-D45 -> 2668190
A46: Property taxes | C46: 2000000 | E46: =C46-D46 -> 2000000
A47: Other - Post employment benefits | C47: 103677000 | E47: =C47-D47 -> 103677000
A48: Other | C48: 46666 | E48: =C48-D48 -> 46666
E49: =C49-D49 -> 0
A50: Total (carry forward to the TAXREC worksheet) | C50: =SUM(C41:C49) -> 108977216 | D50: =SUM(D41:D49) -> 0 | E50: =SUM(E41:E49) -> 108977216
A52: End of Year:
E53: =C53-D53 -> 0
E54: =C54-D54 -> 0
A55: Environmental | E55: =C55-D55 -> 0
A56: Allowance for doubtful accounts | C56: 6570 | E56: =C56-D56 -> 6570
A57: Inventory obsolescence | C57: 1575051 | E57: =C57-D57 -> 1575051
A58: Property taxes | E58: =C58-D58 -> 0
A59: Other - Post employment benefits | C59: 108397000 | E59: =C59-D59 -> 108397000
A60: Other - Holdback payable | C60: 0 | E60: =C60-D60 -> 0
A61: Other | E61: =C61-D61 -> 0
A62: Insert line above this line
A63: Total (carry forward to the TAXREC worksheet) | C63: =SUM(C53:C61) -> 109978621 | D63: =SUM(D53:D61) -> 0 | E63: =SUM(E53:E61) -> 109978621

Sheet TAXREC 2
A2: =REGINFO!A1 -> PILs TAXES - EB-2012-0064 | B2: LINE | C2: M of F | D2: Non-wires | E2: Wires-only
A3: TAX RETURN RECONCILIATION (TAXREC 2) | C3: Corporate | D3: Eliminations | E3: Tax
A4: (for "wires-only" business - see s. 72 OEB Act) | C4: Tax | E4: Return
A5: RATEPAYERS ONLY | C5: Return
A6: Shareholder-only Items should be shown on TAXREC 3 | E6: =REGINFO!E1 -> Version 2009.1
A8: =REGINFO!A3 -> Utility Name: TORONTO HYDRO-ELECTRIC SYSTEM LIMITED
A9: =REGINFO!A4 -> Reporting period: 2004
A10: Number of days in taxation year: | C10: =TAXREC!C11 -> 365
A11: Materiality Level: | C11: =TAXREC!C13 -> 1764205
A15: Section C: Reconciliation of accounting income to taxable income
A16: Add:
B17: + | E17: =C17-D17 -> 0
A18: Gain on sale of eligible capital property | B18: + | E18: =C18-D18 -> 0
A19: Loss on disposal of assets | B19: + | E19: =C19-D19 -> 0
A20: Charitable donations (Only if it benefits ratepayers) | B20: + | E20: =C20-D20 -> 0
A21: Taxable capital gains | B21: + | C21: 146332 | E21: =C21-D21 -> 146332
B22: + | E22: =C22-D22 -> 0
A23: Scientific research expenditures deducted | B23: + | E23: =C23-D23 -> 0
A24: per financial statements | B24: + | C24: 844629 | E24: =C24-D24 -> 844629
A25: Capitalized interest | B25: + | E25: =C25-D25 -> 0
A26: Soft costs on construction and renovation of buildings | B26: + | E26: =C26-D26 -> 0
A27: Capital items expensed | B27: + | E27: =C27-D27 -> 0
A28: Debt issue expense | B28: + | E28: =C28-D28 -> 0
A29: Financing fees deducted in books | B29: + | C29: 731936 | E29: =C29-D29 -> 731936
A30: Gain on settlement of debt | B30: + | E30: =C30-D30 -> 0
A31: Interest paid on income debentures | B31: + | E31: =C31-D31 -> 0
A32: Recapture of SR&ED expenditures | B32: + | E32: =C32-D32 -> 0
A33: Share issue expense | B33: + | E33: =C33-D33 -> 0
A34: Write down of capital property | B34: + | E34: =C34-D34 -> 0
A35: Amounts received in respect of qualifying environment trust | B35: + | E35: =C35-D35 -> 0
A36: Provision for bad debts | B36: + | E36: =C36-D36 -> 0
B37: + | E37: =C37-D37 -> 0
B38: + | E38: =C38-D38 -> 0
B39: + | E39: =C39-D39 -> 0
A40: Other Additions: (please explain in detail the nature of the item) | B40: + | E40: =C40-D40 -> 0
A41: Asset retirement obligation- accretion expense | B41: + | C41: 235261 | E41: =C41-D41 -> 235261
B42: + | E42: =C42-D42 -> 0
A43: Interest and penalties on unpaid taxes | B43: + | C43: 35183 | E43: =C43-D43 -> 35183
B44: + | E44: =C44-D44 -> 0
B45: + | E45: =C45-D45 -> 0
A46: Total Additions | B46: = | C46: =SUM(C17:C45) -> 1993341 | D46: =SUM(D17:D45) -> 0 | E46: =SUM(E17:E45) -> 1993341
A48: Recap of Material Additions:
A49: =IF($E17>$C$11,A17," ") | C49: =IF($E17>$C$11,C17,) -> 0 | D49: =IF($E17>$C$11,D17,) -> 0 | E49: =IF($E17>$C$11,E17,) -> 0
A50: =IF($E18>$C$11,A18," ") | C50: =IF($E18>$C$11,C18,) -> 0 | D50: =IF($E18>$C$11,D18,) -> 0 | E50: =IF($E18>$C$11,E18,) -> 0
A51: =IF($E19>$C$11,#REF!," ") | C51: =IF($E19>$C$11,#REF!,) -> 0 | D51: =IF($E19>$C$11,D19,) -> 0 | E51: =IF($E19>$C$11,E19,) -> 0
A52: =IF($E20>$C$11,#REF!," ") | C52: =IF($E20>$C$11,#REF!,) -> 0 | D52: =IF($E20>$C$11,D20,) -> 0 | E52: =IF($E20>$C$11,E20,) -> 0
A53: =IF($E21>$C$11,A19," ") | C53: =IF($E21>$C$11,C21,) -> 0 | D53: =IF($E21>$C$11,D21,) -> 0 | E53: =IF($E21>$C$11,E21,) -> 0
A54: =IF($E22>$C$11,A20," ") | C54: =IF($E22>$C$11,C22,) -> 0 | D54: =IF($E22>$C$11,D22,) -> 0 | E54: =IF($E22>$C$11,E22,) -> 0
A55: =IF($E23>$C$11,A21," ") | C55: =IF($E23>$C$11,C23,) -> 0 | D55: =IF($E23>$C$11,D23,) -> 0 | E55: =IF($E23>$C$11,E23,) -> 0
A56: =IF($E24>$C$11,A22," ") | C56: =IF($E24>$C$11,C24,) -> 0 | D56: =IF($E24>$C$11,D24,) -> 0 | E56: =IF($E24>$C$11,E24,) -> 0
A57: =IF($E25>$C$11,A23," ") | C57: =IF($E25>$C$11,C25,) -> 0 | D57: =IF($E25>$C$11,D25,) -> 0 | E57: =IF($E25>$C$11,E25,) -> 0
A58: =IF($E26>$C$11,A24," ") | C58: =IF($E26>$C$11,C26,) -> 0 | D58: =IF($E26>$C$11,D26,) -> 0 | E58: =IF($E26>$C$11,E26,) -> 0
A59: =IF($E27>$C$11,A25," ") | C59: =IF($E27>$C$11,C27,) -> 0 | D59: =IF($E27>$C$11,D27,) -> 0 | E59: =IF($E27>$C$11,E27,) -> 0
A60: =IF($E28>$C$11,A28," ") | C60: =IF($E28>$C$11,C28,) -> 0 | D60: =IF($E28>$C$11,D28,) -> 0 | E60: =IF($E28>$C$11,E28,) -> 0
A61: =IF($E29>$C$11,#REF!," ") | C61: =IF($E29>$C$11,C29,) -> 0 | D61: =IF($E29>$C$11,D29,) -> 0 | E61: =IF($E29>$C$11,E29,) -> 0
A62: =IF($E30>$C$11,#REF!," ") | C62: =IF($E30>$C$11,C30,) -> 0 | D62: =IF($E30>$C$11,D30,) -> 0 | E62: =IF($E30>$C$11,E30,) -> 0
A63: =IF($E31>$C$11,A26," ") | C63: =IF($E31>$C$11,C31,) -> 0 | D63: =IF($E31>$C$11,D31,) -> 0 | E63: =IF($E31>$C$11,E31,) -> 0
A64: =IF($E33>$C$11,#REF!," ") | C64: =IF($E33>$C$11,C33,) -> 0 | D64: =IF($E33>$C$11,D33,) -> 0 | E64: =IF($E33>$C$11,E33,) -> 0
A65: =IF($E34>$C$11,#REF!," ") | C65: =IF($E34>$C$11,C34,) -> 0 | D65: =IF($E34>$C$11,D34,) -> 0 | E65: =IF($E34>$C$11,E34,) -> 0
A66: =IF($E35>$C$11,#REF!," ") | C66: =IF($E35>$C$11,C35,) -> 0 | D66: =IF($E35>$C$11,D35,) -> 0 | E66: =IF($E35>$C$11,E35,) -> 0
A67: =IF($E36>$C$11,A36," ") | C67: =IF($E36>$C$11,C36,) -> 0 | D67: =IF($E36>$C$11,D36,) -> 0 | E67: =IF($E36>$C$11,E36,) -> 0
A68: =IF($E37>$C$11,A37," ") | C68: =IF($E37>$C$11,C37,) -> 0 | D68: =IF($E37>$C$11,D37,) -> 0 | E68: =IF($E37>$C$11,E37,) -> 0
A69: =IF($E38>$C$11,A29," ") | C69: =IF($E38>$C$11,C38,) -> 0 | D69: =IF($E38>$C$11,D38,) -> 0 | E69: =IF($E38>$C$11,E38,) -> 0
A70: =IF($E39>$C$11,A35," ") | C70: =IF($E39>$C$11,C39,) -> 0 | D70: =IF($E39>$C$11,D39,) -> 0 | E70: =IF($E39>$C$11,E39,) -> 0
A71: =IF($E40>$C$11,A40," ") | C71: =IF($E40>$C$11,C40,) -> 0 | D71: =IF($E40>$C$11,D40,) -> 0 | E71: =IF($E40>$C$11,E40,) -> 0
A72: =IF($E41>$C$11,#REF!," ") | C72: =IF($E41>$C$11,C41,) -> 0 | D72: =IF($E41>$C$11,D41,) -> 0 | E72: =IF($E41>$C$11,E41,) -> 0
A73: =IF($E42>$C$11,A42," ") | C73: =IF($E42>$C$11,C42,) -> 0 | D73: =IF($E42>$C$11,D42,) -> 0 | E73: =IF($E42>$C$11,E42,) -> 0
A74: =IF($E43>$C$11,A43," ") | C74: =IF($E43>$C$11,C43,) -> 0 | D74: =IF($E43>$C$11,D43,) -> 0 | E74: =IF($E43>$C$11,E43,) -> 0
A75: =IF($E44>$C$11,A44," ") | C75: =IF($E44>$C$11,C44,) -> 0 | D75: =IF($E44>$C$11,D44,) -> 0 | E75: =IF($E44>$C$11,E44,) -> 0
A76: =IF($E45>$C$11,A45," ") | C76: =IF($E45>$C$11,C45,) -> 0 | D76: =IF($E45>$C$11,D45,) -> 0 | E76: =IF($E45>$C$11,E45,) -> 0
A77: Total Material additions | C77: =SUM(C49:C75) -> 0 | D77: =SUM(D49:D75) -> 0 | E77: =SUM(E49:E75) -> 0
A78: Other additions less than materiality level | C78: =C46-C77 -> 1993341 | D78: =D46-D77 -> 0 | E78: =E46-E77 -> 1993341
A79: Total Additions | C79: =C77+C78 -> 1993341 | D79: =D77+D78 -> 0 | E79: =E77+E78 -> 1993341
A81: Deduct:
A82: Gain on disposal of assets per f/s | B82: - | C82: 1043000 | E82: =C82-D82 -> 1043000
A83: Dividends not taxable under section 83 | B83: - | E83: =C83-D83 -> 0
A84: Terminal loss from Schedule 8 | B84: - | E84: =C84-D84 -> 0
A85: Depreciation in inventory, end of prior year | B85: - | E85: =C85-D85 -> 0
A86: Scientific research expenses claimed in year from Form T661 | B86: - | C86: 306391 | E86: =C86-D86 -> 306391
A87: Bad debts | B87: - | E87: =C87-D87 -> 0
A88: Book income of joint venture or partnership | B88: - | E88: =C88-D88 -> 0
A89: Equity in income from subsidiary or affiliates | B89: - | E89: =C89-D89 -> 0
A90: Contributions to a qualifying environment trust | B90: - | E90: =C90-D90 -> 0
A91: Other income from financial statements | B91: - | E91: =C91-D91 -> 0
B92: -
B93: - | E93: =C93-D93 -> 0
A94: Other deductions: (Please explain in detail the nature of the item) | B94: - | E94: =C94-D94 -> 0
B95: - | E95: =C95-D95 -> 0
A96: Asset retirement obligation- cash payment deducted for tax | B96: - | C96: 140308 | E96: =C96-D96 -> 140308
A97: Debt financing fees- deducted for tax S 20(1)(e) | B97: - | C97: 1270925 | E97: =C97-D97 -> 1270925
A98: ITC booked to accounting income | B98: - | C98: 538238 | E98: =C98-D98 -> 538238
A99: Total Deductions | B99: = | C99: =SUM(C82:C98) -> 3298862 | D99: =SUM(D82:D98) -> 0 | E99: =SUM(E82:E98) -> 3298862
A101: Recap of Material Deductions:
A102: =IF($E82>$C$11,A82," ") | C102: =IF($E82>$C$11,C82,) -> 0 | D102: =IF($E82>$C$11,D82,) -> 0 | E102: =IF($E82>$C$11,E82,) -> 0
A103: =IF($E83>$C$11,A83," ") | C103: =IF($E83>$C$11,C83,) -> 0 | D103: =IF($E83>$C$11,D83,) -> 0 | E103: =IF($E83>$C$11,E83,) -> 0
A104: =IF($E84>$C$11,A84," ") | C104: =IF($E84>$C$11,C84,) -> 0 | D104: =IF($E84>$C$11,D84,) -> 0 | E104: =IF($E84>$C$11,E84,) -> 0
A105: =IF($E85>$C$11,A85," ") | C105: =IF($E85>$C$11,C85,) -> 0 | D105: =IF($E85>$C$11,D85,) -> 0 | E105: =IF($E85>$C$11,E85,) -> 0
A106: =IF($E86>$C$11,A86," ") | C106: =IF($E86>$C$11,C86,) -> 0 | D106: =IF($E86>$C$11,D86,) -> 0 | E106: =IF($E86>$C$11,E86,) -> 0
A107: =IF($E87>$C$11,A87," ") | C107: =IF($E87>$C$11,C87,) -> 0 | D107: =IF($E87>$C$11,D87,) -> 0 | E107: =IF($E87>$C$11,E87,) -> 0
A108: =IF($E88>$C$11,A88," ") | C108: =IF($E88>$C$11,C88,) -> 0 | D108: =IF($E88>$C$11,D88,) -> 0 | E108: =IF($E88>$C$11,E88,) -> 0
...

Sheet TAXREC 3 No True-up
A2: =REGINFO!A1 -> PILs TAXES - EB-2012-0064
A3: TAX RETURN RECONCILIATION (TAXREC 3)
A4: Shareholder-only Items should be shown on TAXREC 3 | B4: LINE | C4: M of F | D4: Non-wires | E4: Wires-only
A5: ITEMS ON WHICH TRUE-UP DOES NOT APPLY | C5: Corporate | D5: Eliminations | E5: Tax
A6: (for "wires-only" business - see s. 72 OEB Act) | C6: Tax | E6: Return
A7: =REGINFO!E2 -> 0 | C7: Return
A8: =REGINFO!A3 -> Utility Name: TORONTO HYDRO-ELECTRIC SYSTEM LIMITED | E8: =REGINFO!E1 -> Version 2009.1
A11: =REGINFO!A4 -> Reporting period: 2004
A12: Number of days in taxation year: | C12: =TAXREC!C11 -> 365
A16: Section C: Reconciliation of accounting income to taxable income
A17: Add:
A19: Recapture of capital cost allowance | B19: + | E19: =C19-D19 -> 0
A20: CCA adjustments | B20: + | E20: =C20-D20 -> 0
A21: CEC adjustments | B21: + | E21: =C21-D21 -> 0
A22: Gain on sale of non-utility eligible capital property | B22: + | E22: =C22-D22 -> 0
A23: Gain on sale of utility eligible capital property | B23: + | E23: =C23-D23 -> 0
A24: Loss from joint ventures or partnerships | B24: + | E24: =C24-D24 -> 0
A25: Deemed dividend income | B25: + | E25: =C25-D25 -> 0
A26: Loss in equity of subsidiaries and affiliates | B26: + | E26: =C26-D26 -> 0
A27: Loss on disposal of utility assets | B27: + | E27: =C27-D27 -> 0
A28: Loss on disposal of non-utility assets | B28: + | E28: =C28-D28 -> 0
A29: Depreciation in inventory -end of year | B29: + | E29: =C29-D29 -> 0
A30: Depreciation and amortization adjustments | B30: + | E30: =C30-D30 -> 0
A31: Dividends credited to investment account | B31: + | E31: =C31-D31 -> 0
A32: Non-deductible meals | B32: + | C32: 101426 | E32: =C32-D32 -> 101426
A33: Non-deductible club dues | B33: + | C33: 59818 | E33: =C33-D33 -> 59818
A34: Non-deductible automobile costs | B34: + | E34: =C34-D34 -> 0
A35: Donations - amount per books | E35: =C35-D35 -> 0
A36: Interest and penalties on unpaid taxes | E36: =C36-D36 -> 0
A37: Management bonuses unpaid after 180 days of year end | E37: =C37-D37 -> 0
A38: Imputed interest expense on Regulatory Assets | E38: =C38-D38 -> 0
A39: Ontario capital tax adjustments | B39: + | E39: =C39-D39 -> 0
A40: Changes in Regulatory Asset balances | B40: + | E40: =C40-D40 -> 0
A41: Other Additions: (please explain in detail the nature of the item) | B41: + | E41: =C41-D41 -> 0
B42: + | E42: =C42-D42 -> 0
B43: + | E43: =C43-D43 -> 0
B44: + | E44: =C44-D44 -> 0
B45: + | E45: =C45-D45 -> 0
B46: +
A47: Total Additions on which true-up does not apply | B47: = | C47: =SUM(C19:C46) -> 161244 | D47: =SUM(D19:D46) -> 0 | E47: =SUM(E19:E46) -> 161244
A49: Deduct:
A51: CCA adjustments | B51: - | E51: =C51-D51 -> 0
A52: CEC adjustments | B52: - | E52: =C52-D52 -> 0
A53: Depreciation and amortization adjustments | B53: - | E53: =C53-D53 -> 0
A54: Gain on disposal of assets per financial statements | B54: - | E54: =C54-D54 -> 0
A55: Financing fee amorization - considered to be interest expense for PILs | B55: - | E55: =C55-D55 -> 0
A56: Imputed interest income on Regulatory Assets | B56: - | C56: 2233343 | E56: =C56-D56 -> 2233343
A57: Donations - amount deductible for tax purposes | B57: - | E57: =C57-D57 -> 0
A58: Income from joint ventures or partnerships | B58: - | E58: =C58-D58 -> 0
B59: - | E59: =C59-D59 -> 0
B60: - | E60: =C60-D60 -> 0
B61: - | E61: =C61-D61 -> 0
B62: - | E62: =C62-D62 -> 0
B63: - | E63: =C63-D63 -> 0
A64: Ontario capital tax adjustments to current or prior year | B64: - | E64: =C64-D64 -> 0
B65: - | E65: =C65-D65 -> 0
A66: Changes in Regulatory Asset balances | B66: - | E66: =C66-D66 -> 0
B67: - | E67: =C67-D67 -> 0
A68: Other deductions: (Please explain in detail the nature of the item) | B68: - | E68: =C68-D68 -> 0
B69: - | E69: =C69-D69 -> 0
B70: - | E70: =C70-D70 -> 0
B71: - | E71: =C71-D71 -> 0
B72: - | E72: =C72-D72 -> 0
A73: Total Deductions on which true-up does not apply | B73: = | C73: =SUM(C51:C72) -> 2233343 | D73: =SUM(D51:D72) -> 0 | E73: =SUM(E51:E72) -> 2233343

Sheet Tax Rates
A1: =REGINFO!A1 -> PILs TAXES - EB-2012-0064
A2: Corporate Tax Rates | F2: =REGINFO!E1 -> Version 2009.1
A3: Exemptions, Deductions, or Thresholds
A4: =REGINFO!A3 -> Utility Name: TORONTO HYDRO-ELECTRIC SYSTEM LIMITED
A5: =REGINFO!A4 -> Reporting period: 2004
F7: Table 1
A8: Rates Used in 2002 RAM PILs Applications for 2002
A9: Income Range | C9: 0 | E9: 200001
A10: RAM 2002 | C10: to | E10: to | F10: >700,000
B11: Year | C11: 200000 | E11: 700000
A12: Income Tax Rate
A13: Proxy Tax Year | B13: 2002
A14: Federal (Includes surtax) | F14: 0.2612
A15: and Ontario blended | F15: 0.125
A16: Blended rate | F16: =SUM(F14:F15) -> 0.3862
A18: Capital Tax Rate | C18: 0.003
A19: LCT rate | C19: 0.00225
A20: Surtax | C20: 0.0112
A21: Ontario Capital Tax Exemption ** | B21: MAX $5MM | C21: 5000000
A22: Federal Large Corporations Tax Exemption ** | B22: MAX $10MM | C22: 10000000
A23: **Exemption amounts must agree with the Board-approved 2002 RAM PILs filing
F25: Table 2
A26: Expected Income Tax Rates for 2004 and Capital Tax Exemptions for 2004
A27: Income Range | C27: 0 | E27: 200001
A28: Expected Rates | C28: to | E28: to | F28: >700,000
B29: Year | C29: 200000 | E29: 700000
A30: Income Tax Rate
A31: Current year | B31: 2004
A32: Federal (Includes surtax) | F32: 0.2212
A33: Ontario | F33: 0.14
A34: Blended rate | F34: =SUM(F32:F33) -> 0.3612
A36: Capital Tax Rate | C36: 0.003
A37: LCT rate | C37: 0.002
A38: Surtax | C38: 0.0112
A39: Ontario Capital Tax Exemption *** 2004 | B39: MAX $5MM | C39: 5000000
A40: Federal Large Corporations Tax Exemption *** 2004 | B40: MAX $50MM | C40: 50000000
A41: ***Allocation of exemptions must comply with the Board's instructions regarding regulated activities.
F43: Table 3
A44: Input Information from Utility's Actual 2004 Tax Returns
A45: Income Range | C45: 0 | E45: 200001
C46: to | E46: to | F46: >700,000
B47: Year | C47: 200000 | E47: 700000
A48: Income Tax Rate
A49: Current year | B49: 2004
A50: Federal (Includes surtax) | C50: 0 | E50: 0 | F50: 0.2212
A51: Ontario | C51: 0 | E51: 0 | F51: 0.14
A52: Blended rate | C52: =SUM(C50:C51) -> 0 | E52: =SUM(E50:E51) -> 0 | F52: =SUM(F50:F51) -> 0.3612
A54: Capital Tax Rate | C54: 0.003
A55: LCT rate | C55: 0.002
A56: Surtax | C56: 0.0112
A57: Ontario Capital Tax Exemption * | B57: MAX $5MM | C57: 5000000
A58: Federal Large Corporations Tax Exemption * | B58: MAX $50MM | C58: 50000000
A59: * Include copies of the actual tax return allocation calculations in your submission: Ontario CT23 page 11; federal T2 Schedule 36

Sheet PILs 1562 Calculation
A1: =REGINFO!A1 -> PILs TAXES - EB-2012-0064
A2: Analysis of PILs Tax Account 1562:
A3: =REGINFO!A3 -> Utility Name: TORONTO HYDRO-ELECTRIC SYSTEM LIMITED | O3: =REGINFO!E1 -> Version 2009.1
A4: =REGINFO!A4 -> Reporting period: 2004 | E4: Sign Convention: + for increase; - for decrease | O4: =REGINFO!E2 -> 0
A8: Year start: | C8: 37165 | E8: 37257 | G8: 37622 | I8: 37987 | K8: 38353 | M8: 38718
A9: Year end: | C9: 37256 | E9: 37621 | G9: 37986 | I9: 38352 | K9: 38717 | M9: 38837 | O9: Total
A11: Opening balance: | B11: = | C11: 0 | E11: =C22 -> 5028333 | G11: =E22 -> 8127575 | I11: =G22 -> 8284720 | K11: =I22 -> -619715.62 | M11: =K22 -> -2303882 | O11: =C11 -> 0
A12: Board-approved PILs tax proxy from Decisions (1) | B12: +/- | C12: 5000000 | E12: 55000000 | G12: 60000000 | I12: 58571734 | M12: =K13/9*12/4 -> 0 | O12: =SUM(C12:N12) -> 178571734
A13: PILs proxy from April 1, 2005 - input 9/12 of amount | O13: =SUM(C13:N13) -> 0
A14: True-up Variance Adjustment Q4, 2001 (2) | B14: +/- | E14: -290810 | O14: =SUM(C14:N14) -> -290810
A15: True-up Variance Adjustment (3) | B15: +/- | G15: 2156868 | I15: -6024420 | K15: =TAXCALC!E183 -> -1684166.4 | O15: =SUM(C15:N15) -> -5551718.4
A16: Deferral Account Variance Adjustment Q4, 2001 (4) | O16: =SUM(C16:N16) -> 0
A17: Deferral Account Variance Adjustment (5) | B17: +/- | G17: -2412196 | I17: =TAXCALC!E181 -> -3807478.6 | O17: =SUM(C17:N17) -> -6219674.6
A18: Adjustments to reported prior years' variances (6) | B18: +/- | O18: =SUM(C18:N18) -> 0
A19: Carrying charges (7) | B19: +/- | C19: 28333 | E19: 720305 | G19: 562257 | I19: 269130 | O19: =SUM(C19:N19) -> 1580025
A20: PILs billed to (collected from) customers (8) | B20: - | C20: 0 | E20: -52330253 | G20: -60149784 | I20: -57913401 | O20: =SUM(C20:N20) -> -170393438
A22: Ending balance: # 1562 | C22: =SUM(C11:C20) -> 5028333 | E22: =SUM(E11:E20) -> 8127575 | G22: =SUM(G11:G20) -> 8284720 | I22: =SUM(I11:I20) -> -619715.62 | K22: =SUM(K11:K20) -> -2303882 | M22: =SUM(M11:M21) -> -2303882 | O22: =SUM(O11:O20) -> -2303882
A26: Uncollected PILs
A28: NOTE: The purpose of this worksheet is to show the movement in Account 1562 which establishes the receivable from or liability to ratepayers.
A29: For explanation of Account 1562 please refer to Accounting Procedures Handbook for Electric Distribution Utilities and FAQ April 2003.
A31: Please identify if Method 1, 2 or 3 was used to account for the PILs proxy and recovery. ANSWER: METHOD 3
A33: (1) (i) From the Board's Decision - see Inclusion in Rates, Part III of the TAXCALC spreadsheet for Q4 2001 and 2002.
A34: Please insert the Q4, 2001 proxy in column C even though it was approved effective March 1, 2002.
A35: If the Board gave more than one decision in the year, calculate a weighted average proxy.
A36: (ii) If the Board approved different amounts, input the Board-approved amounts in cells C13 and E13.
A37: (iii) Column G - In 2003, the initial estimate should include the Q4 2001 PILs tax proxy and the 2002 PILs tax proxy.
A38: (iv) Column I - The Q4 2001 PILs tax proxy was removed from rates on April 1, 2004 and the 2002 PILs tax proxy remained.
A39: (v) Column K - The 2002 PILs tax proxy applies to January 1 to March 31, 2005, and the new 2005 PILs tax proxy from April 1 to December 31, 2005.
A40: (vi) Column M - The 2005 PILs tax proxy will used for the period from January 1 to April 30, 2006.
... A75: will have to include amounts from 1562 and from 1590.
